 Dungeon Crawl Stone Soup version 0.30.1-11-g7821555f0a (webtiles) character file.

Game seed: 16986859069038692422

23 Ijustatesigmund the Magician (level 2, 0/15 HPs)
             Began as a Deep Elf Earth Elementalist on Dec 5, 2023.
             Slain by Terence
             ... wielding a +1 flail of holy wrath
              (3 damage)
             ... on level 2 of the Dungeon.
             The game lasted 00:01:00 (1007 turns).

Ijustatesigmund the Magician (DEEE)                 Turns: 1007, Time: 00:01:01

Health: 0/15       AC:  2    Str:  5    XL:     2   Next: 75%
Magic:  3/8        EV: 12    Int: 19    God:
Gold:   68         SH:  0    Dex: 15    Spells: 7/8 levels left

rFire   . . .        (no weapon)
rCold   . . .        (no shield)
rNeg    . . .        a - +0 robe
rPois   .            (no helmet)
rElec   .            (no cloak)
rCorr   .            (no gloves)
SInv    .            (no boots)
Will    .....        (no amulet)
Stlth   ++           (no ring)
HPRegen 0.22/turn    (no ring)
MPRegen 0.11/turn

%: no passive effects
@: no status effects
A: no striking features
a: no special abilities


You were on level 2 of the Dungeon.
You visited 1 branch of the dungeon, and saw 2 of its levels.

You collected 68 gold pieces.

Inventory:

Armour
 a - a +0 robe (worn)
Scrolls
 c - a scroll of enchant weapon {unknown}
 d - 2 scrolls of identify {unknown}
 f - a scroll of fog {unknown}
 g - a scroll of teleportation {unknown}
 k - a scroll of noise {unknown}
 l - a scroll of vulnerability {unknown}
Potions
 b - a potion of magic
 e - a potion of degeneration {unknown}
 h - a potion of haste {unknown}
 i - a potion of attraction {unknown}
 j - a potion of mutation {unknown}
 m - a potion of brilliance {unknown}


   Skills:
 - Level 2.4 Dodging
 - Level 2.4 Stealth
 + Level 3.9 Spellcasting
 - Level 1.1 Transmutations
 + Level 3.9 Earth Magic


You had 7 spell levels left.
You knew the following spells:

 Your Spells              Type           Power      Damage    Failure   Level
a - Sandblast             Erth           36%        2d10      2%          1

Your spell library contained the following spells:

 Spells                   Type           Power      Damage    Failure   Level
 Passwall                 Tmut/Erth      10%        N/A       8%          2
 Wereblood                Tmut           7%         N/A       13%         2
 Shock                    Conj/Air       12%        1d3       14%         1
 Stone Arrow              Conj/Erth      22%        3d8       19%         3
 Sublimation of Blood     Necr           3%         N/A       22%         2
 Swiftness                Air            3%         N/A       38%         3
 Petrify                  Tmut/Erth      13%        N/A       43%         4
 Airstrike                Air            1%         2d(1-17)  80%         4
 Summon Hydra             Summ           1%         N/A       100%        7


Dungeon Overview and Level Annotations

Branches:
Dungeon (2/15)

Altars:

Annotations:
D:2 Terence


Message History

Casting: Sandblast (safe; 2% risk of failure)
Confirm with . or Enter, or press ? or * to list all spells.
Aiming: Sandblast (safe; 2% risk of failure)
Press: ? - help, Shift-Dir - straight line, f - Terence
Aim: Terence, wielding a +1 flail of holy wrath and wearing a +4 chain mail of cold resistance (asleep, 100% to hit)
The blast of sand hits Terence but does no damage.
Terence shouts!
Casting: Sandblast (safe; 2% risk of failure)
Confirm with . or Enter, or press ? or * to list all spells.
Aiming: Sandblast (safe; 2% risk of failure)
Press: ? - help, Shift-Dir - straight line, f/p - Terence
Aim: Terence, wielding a +1 flail of holy wrath and wearing a +4 chain mail of cold resistance (87% to hit)
The blast of sand hits Terence but does no damage.
An endoplasm comes into view.
Casting: Sandblast (safe; 2% risk of failure)
Confirm with . or Enter, or press ? or * to list all spells.
Aiming: Sandblast (safe; 2% risk of failure)
Press: ? - help, Shift-Dir - straight line, f/p - Terence
Aim: Terence, wielding a +1 flail of holy wrath and wearing a +4 chain mail of cold resistance (87% to hit)
The blast of sand hits Terence but does no damage.
Terence hits you with a +1 flail of holy wrath!
Casting: Sandblast (safe; 2% risk of failure)
Confirm with . or Enter, or press ? or * to list all spells.
Aiming: Sandblast (safe; 2% risk of failure)
Press: ? - help, Shift-Dir - straight line, f/p - Terence
Aim: Terence, wielding a +1 flail of holy wrath and wearing a +4 chain mail of cold resistance (87% to hit)
The blast of sand hits Terence.
Terence is lightly wounded.
Terence hits you with a +1 flail of holy wrath.
* * * LOW HITPOINT WARNING * * *
Terence barely misses you.
Casting: Sandblast (safe; 2% risk of failure)
Confirm with . or Enter, or press ? or * to list all spells.
Aiming: Sandblast (safe; 2% risk of failure)
Press: ? - help, Shift-Dir - straight line, f/p - Terence
Aim: Terence, wielding a +1 flail of holy wrath and wearing a +4 chain mail of cold resistance (lightly wounded, 87% to hit)
The blast of sand hits Terence but does no damage.
Terence is lightly wounded.
Terence hits you with a +1 flail of holy wrath.
You die...

#...........#
##.##########
#.# #.# #.#
#.# #.# #.#
#@# #@# ...
J.... ......#
.......#
#.......#
........#


You could see Terence and an endoplasm.

Vanquished Creatures
  An adder (D:2)
  A ball python (D:1)
  An endoplasm (D:1)
  3 giant cockroaches (D:1)
  A goblin (D:1)
  A hobgoblin (D:1)
  A quokka (D:1)
  2 bats
  2 frilled lizards (D:1)
13 creatures vanquished.

Notes
Turn   | Place    | Note
-------+----------+-------------------------------------------
     0 | D:1      | Ijustatesigmund the Deep Elf Earth Elementalist began the
                  | quest for the Orb.
     0 | D:1      | Reached XP level 1. HP: 10/10 MP: 6/6
   432 | D:1      | Reached XP level 2. HP: 15/15 MP: 3/8
  1002 | D:2      | Noticed Terence
  1007 | D:2      | Slain by Terence

Illustrated notes

Levels and vault maps discovered:
D:1:      heliophobic_arrival_enchanted_forest, layout_loops_ring, minivault_26,
          grunt_decor_arrowhead, chequers_serial_rivers_small_b
D:2:      layout_basic, basic_altar, uniq_terence

Action                     || total
---------------------------++-------
   Cast: Sandblast         ||    25
  Dodge: Dodged            ||     5
